Cogmind - Beta 13 @@@ ROGUE MODE // 2024.04.05 @ 17:27:34 Player: Olafz Result: Destroyed by as-01458 with Assembled Heavy Rifle Performance ------------- Evolutions (1) 500 Regions Visited (3) 600 Robots Destroyed (14) 70 Value Destroyed (383) 383 Prototype IDs (0) 0 Alien Tech Used (0) 0 Bonus (200) 200 TOTAL SCORE: 1753 Bonus ------- Pacifist 200 Cogmind --------- Core Integrity 0/400 Matter 300/300 Energy 99/100 System Corruption 3% Temperature Cool (0) Movement Core (100) Ox1 Location -9/Mines Parts ------- > --- POWER (1) -------- (None) > --- PROPULSION (2) --- (None) > --- UTILITY (4) ------ Small Storage Unit Signal Interpreter > --- WEAPON (2) ------- (None) > --- INVENTORY (8) ---- (None) Peak State ------------ > --- POWER ------------ Improved Ion Engine > --- PROPULSION ------- Improved Aluminum Leg Improved Aluminum Leg > --- UTILITY ---------- Small Storage Unit Signal Interpreter > --- WEAPON ----------- Particle Gun Light Assault Rifle > --- INVENTORY -------- Ion Engine Light Treads [Rating: 11] Favorites ----------- Power Ion Engine Engine Ion Engine Propulsion Light Treads Treads Light Treads Leg Improved Aluminum Leg Utility Small Storage Unit Storage Small Storage Unit Processor Signal Interpreter Weapon Light Assault Rifle Energy Gun Particle Gun Ballistic Gun Light Assault Rifle Launcher EMP Blaster Special Weapon Plasma Cutter Build | -11 -10 -9 -9 ------- Run | Yrd Mat Mat Min Slots Evolved 2 | . . 2 . Power . | . . . . Propulsion . | . . . . Utility 2 | . . 2 . Weapon . | . . . . Parts Attached 15 | 5 . 8 2 Power 4 | 1 . 2 1 Engine 4 | 1 . 2 1 Core . | . . . . Reactor . | . . . . Propulsion 5 | 2 . 2 1 Treads 2 | 2 . . . Leg 3 | . . 2 1 Wheel . | . . . . Hover . | . . . . Flight . | . . . . Utility 2 | 1 . 1 . Device . | . . . . Storage 1 | 1 . . . Processor 1 | . . 1 . Hackware . | . . . . Protection . | . . . . Artifact . | . . . . Weapon 4 | 1 . 3 . Energy Gun 1 | . . 1 . Energy Cannon . | . . . . Ballistic Gun 1 | 1 . . . Ballistic Cannon . | . . . . Launcher 1 | . . 1 . Special Weapon 1 | . . 1 . Impact Weapon . | . . . . Slashing Weapon . | . . . . Piercing Weapon . | . . . . Special Melee Weapon . | . . . . Unidentified Prototypes . | . . . . Parts Lost 12 | . . 8 4 Power 4 | . . 3 1 Propulsion 4 | . . 2 2 Utility . | . . . . Weapon 4 | . . 3 1 Highest Loss Streak 4 | . . 2 4 To Critical Strikes 1 | . . 1 . Average Slot Usage (%) 66 | . 71 66 63 Engine 10 | . 14 10 10 Treads 11 | . 28 12 . Leg 9 | . . 7 21 Storage 11 | . 14 11 11 Processor 8 | . . 9 11 Energy Gun 2 | . . 4 . Ballistic Gun 6 | . 14 8 . Launcher 3 | . . 1 10 Special Weapon 1 | . . 2 . Naked Turns . | . . . . Heaviest Build 16 | 11 11 16 14 Greatest Support 40 | 40 40 40 23 Greatest Overweight (x) 5 | . . 5 1 Average Overweight (x) . | . . . . Largest Inventory Capacity 8 | 8 8 8 8 Average Capacity 7 | 7 8 8 8 Most Carried 3 | 1 1 3 2 Average Carried . | . 1 1 . Final Capacity 8 | 8 8 8 8 Final Carried 3 | 1 1 3 . Class Distribution -------------------- 100% | Mutant Dominant Class ---------------- Mutant | -10/Materials Mutant | -9/Materials Mutant | -9/Mines Resources | -11 -10 -9 -9 ----------- Run | Yrd Mat Mat Min Matter Collected 388 | 194 . 170 24 Remotely . | . . . . Salvage Created 755 | . . 628 127 Parts 25 | . . 22 3 Haulers Intercepted . | . . . . Recyclers Shooed 3 | . . 3 . Parts Field Recycled . | . . . . Retrieved Matter . | . . . . Parts Self-Destructed . | . . . . Prevented . | . . . . Kills | -11 -10 -9 -9 ------- Run | Yrd Mat Mat Min Combat Hostiles Destroyed 16 | . . 8 8 Guns 3 | . . 3 . AOE 13 | . . 5 8 Classes Destroyed 7 | . . 6 1 Worker 2 | . . 2 . Recycler 1 | . . 1 . Watcher 2 | . . 2 . Swarmer 2 | . . 1 1 Grunt 5 | . . 5 . Sentry 2 | . . 2 . Assembled 7 | . . . 7 Best Kill Streak 8 | . . 4 8 Combat Bots Only 8 | . . 3 8 Max Kills in Single Turn 5 | . . 1 5 Gunslinging . | . . . . Exploded 5 | . . 1 5 Melee . | . . . . Uniques/NPCs Destroyed . | . . . . Combat | -11 -10 -9 -9 -------- Run | Yrd Mat Mat Min Hostile Shots Fired 142 | . . 112 30 Missed 44 | . . 38 6 Damage Taken 1516 | . . 1034 482 Core 409 | . . 179 230 Absorbed by Shields . | . . . . Core Remaining (%) 100 | 100 100 . . Volleys Fired 61 | . 2 54 5 Largest 2 | . 1 2 1 Hottest 85 | . 20 85 33 Shots Fired 88 | . 2 81 5 Gun 69 | . 2 67 . Cannon . | . . . . Launcher 16 | . . 11 5 Special 3 | . . 3 . Kinetic 44 | . 2 42 . Thermal 28 | . . 28 . Explosive . | . . . . Electromagnetic 16 | . . 11 5 Robot Hit Streak 5 | . 1 5 2 Robot Miss Streak 4 | . 1 4 1 Penetration Max . | . . . . Secondary Targets . | . . . . Shots Hit Robots 48 | . 1 45 2 Core Hits 32 | . . 22 10 Critical Kills . | . . . . Critical Parts Destroyed . | . . . . Critical Strikes 1 | . . 1 . Burn 1 | . . 1 . Melee Attacks . | . . . . Impact . | . . . . Slashing . | . . . . Piercing . | . . . . Sneak Attacks . | . . . . Combat Hostiles . | . . . . Follow-up Attacks . | . . . . Damage Inflicted 1121 | 9 8 731 373 Guns 443 | . 8 435 . Cannons . | . . . . Explosions 650 | . . 279 371 Melee . | . . . . Ramming 16 | 9 . 5 2 Kinetic 238 | . 8 230 . Thermal 409 | . . 253 156 Explosive . | . . . . Electromagnetic 458 | . . 243 215 Impact . | . . . . Slashing . | . . . . Piercing . | . . . . Highest Corruption 6 | . 6 1 3 Average Corruption 1 | . 5 1 1 Corruption Purged . | . . . . Corruption Blocked . | . . . . Effects 2 | . 1 . 1 Message Errors 2 | . 1 . 1 Overload Shots . | . . . . Overflow Damage 2 | . . 2 . Projectiles . | . . . . Explosions 2 | . . 2 . Melee . | . . . . Knockbacks . | . . . . Impact . | . . . . Kinetic . | . . . . Secondary . | . . . . Self-Inflicted Damage 143 | . . 78 65 Shots 11 | . . 6 5 Rammed 5 | 1 . 4 . Targets Rammed 8 | 1 . 4 3 Kicked 3 | . . . 3 Crushed . | . . . . Highest Temperature 133 | . . 133 . Average Temperature 44 | . . 44 . Received Heat Transfer 450 | . . 450 . Siege Activations . | . . . . Robots Corrupted . | . . . . Combat Hostiles . | . . . . Parts Fried . | . . . . Impact Corruptions . | . . . . Robots Melted . | . . . . Combat Hostiles . | . . . . Parts Melted 1 | . . 1 . Heat Transferred 792 | . . 592 200 Parts Sabotaged . | . . . . Parts Stolen . | . . . . Parts Stripped . | . . . . Power Chain Reactions 7 | . . 4 3 Alert | -11 -10 -9 -9 ------- Run | Yrd Mat Mat Min Peak Influence 184 | . 24 184 108 Initial 71 | . . 9 71 Average 49 | . 10 57 74 Maximum Alert Level . | . . . . Low Security (%) 100 | 100 100 100 100 Level 1 . | . . . . Level 2 . | . . . . Level 3 . | . . . . Level 4 . | . . . . Level 5 . | . . . . High Security . | . . . . Max Security . | . . . . Squads Dispatched 3 | . 1 2 . Investigation 1 | . . 1 . Extermination . | . . . . Reinforcement 2 | . 1 1 . Assault . | . . . . Garrison . | . . . . Intercept . | . . . . Searches Triggered . | . . . . Construction Impeded . | . . . . Haulers Reinforced . | . . . . Active Scanning Responses . | . . . . Cargo Convoy Interrupts . | . . . . Stealth | -11 -10 -9 -9 --------- Run | Yrd Mat Mat Min Distress Signals 2 | . . 2 . Communications Jammed . | . . . . Distress Signals . | . . . . Times Spotted 26 | . 1 13 12 Peak Tracking Total 9 | . 1 4 9 Tactical Retreats 1 | . . 1 . Traps | -11 -10 -9 -9 ------- Run | Yrd Mat Mat Min Traps Triggered 5 | . 4 1 . Indirectly . | . . . . Trap Hack Attempts . | . . . . Triggered . | . . . . Disarmed . | . . . . Reprogrammed . | . . . . Reused . | . . . . Traps Extracted . | . . . . Installed . | . . . . Triggered . | . . . . Machines | -11 -10 -9 -9 ---------- Run | Yrd Mat Mat Min Machines Disabled 5 | . . 5 . Max in Single Turn 2 | . . 2 . Machines Repaired . | . . . . Machines Dismantled 1 | . . 1 . Machines Sabotaged . | . . . . Overloaded Fab Kills . | . . . . Hacking | -11 -10 -9 -9 --------- Run | Yrd Mat Mat Min Machines Accessed 2 | . 1 1 . Terminals 2 | . 1 1 . Fabricators . | . . . . Repair Stations . | . . . . Recycling Units . | . . . . Scanalyzers . | . . . . Garrison Access . | . . . . Total Hacks 6 | . 1 5 . Successful 3 | . 1 2 . Failed 3 | . . 3 . Catastrophic 1 | . . 1 . Database Lockouts . | . . . . Manual 3 | . 1 2 . Terminals 6 | . 1 5 . Fabricators . | . . . . Repair Stations . | . . . . Recycling Units . | . . . . Scanalyzers . | . . . . Garrison Access . | . . . . Terminal Hacks 3 | . 1 2 . Level Access Points 1 | . 1 . . Dispatch Records 1 | . . 1 . Registered Components 1 | . . 1 . Fabricator Hacks . | . . . . Repair Station Hacks . | . . . . Recycling Unit Hacks . | . . . . Scanalyzer . | . . . . Garrison Access Hacks . | . . . . Unauthorized Hacks . | . . . . Terminals . | . . . . Fabricators . | . . . . Repair Stations . | . . . . Recycling Units . | . . . . Scanalyzers . | . . . . Garrison Access . | . . . . Data Cores Recovered . | . . . . Used . | . . . . Hacking Detections 1 | . . 1 . Full Trace Events . | . . . . Feedback Events . | . . . . Feedback Blocked . | . . . . Robot Schematics Acquired . | . . . . Robots Built . | . . . . Authchips . | . . . . Time . | . . . . Total Robot Build Rating . | . . . . Part Schematics Acquired . | . . . . Parts Built . | . . . . Authchips . | . . . . Time . | . . . . Total Part Build Rating . | . . . . Parts Repaired . | . . . . Time . | . . . . Parts Recycled . | . . . . Recycled Matter . | . . . . Retrieved Matter . | . . . . Retrieved Components . | . . . . Parts Scanalyzed . | . . . . Part Schematics Acquired . | . . . . Parts Damaged . | . . . . Bothacking | -11 -10 -9 -9 ------------ Run | Yrd Mat Mat Min Used RIF Installer . | . . . . Robots Hacked . | . . . . Non-combat . | . . . . Combat . | . . . . Robot Hacks Applied . | . . . . Relay Couplers Released . | . . . . Fabnet Peak Effective % . | . . . . Robots Rewired . | . . . . Allies Hacked . | . . . . Hacks Repelled . | . . . . Allies | -11 -10 -9 -9 -------- Run | Yrd Mat Mat Min Total Allies . | . . . . Largest Group . | . . . . Highest-Rated Group . | . . . . Highest-Rated Ally . | . . . . Total Orders . | . . . . Ally Attacks . | . . . . Total Damage . | . . . . Kills . | . . . . Allies Corrupted . | . . . . Allies Melted . | . . . . Intel | -11 -10 -9 -9 ------- Run | Yrd Mat Mat Min Robot Analysis Total . | . . . . Derelict Logs Recovered . | . . . . Drone Launches . | . . . . Drone Recoveries . | . . . . Exploration | -11 -10 -9 -9 ------------- Run | Yrd Mat Mat Min Turns Passed 1021 | 96 135 556 234 Spaces Moved 597 | 56 83 275 183 Core 12 | 2 . 3 7 Treads 285 | 54 83 148 . Legs 300 | . . 124 176 Wheels . | . . . . Hover . | . . . . Flight . | . . . . Fastest Speed 50 | 50 160 120 100 Average Speed 139 | 156 160 143 119 Slowest Speed 300 | 160 160 300 120 Overloaded Moves . | . . . . Propulsion Burnouts . | . . . . Robots Hopped . | . . . . Cave-ins Triggered . | . . . . Exploration Rate (%) 21 | 4 22 22 36 Regions Visited 3 Branch Regions 1 Pre-discovered Areas . | . . . . Known Exits Taken 2 | . 1 1 . Unknown Exits Taken 1 | 1 . . . Scrap Searched . | . . . . Spaces Dug . | . . . . Terrain Destroyed 25 | . . 13 12 Melee . | . . . . Projectile . | . . . . AOE 25 | . . 13 12 Terrain Rammed . | . . . . Walls Destroyed . | . . . . Machines Disabled . | . . . . Actions | -11 -10 -9 -9 --------- Run | Yrd Mat Mat Min Total 688 | 62 84 348 194 Wait 2 | . . 2 . Move 594 | 55 82 274 183 Hop . | . . . . Pick Up 3 | 1 . 2 . Fast Attach 12 | 5 . 7 . Attach 3 | . . 1 2 Detach 1 | . . 1 . Swap . | . . . . Drop 1 | . . . 1 Fire 61 | . 2 54 5 Melee . | . . . . Ram . | . . . . Kick 3 | . . . 3 Crush 5 | 1 . 4 . Escape Stasis . | . . . . Rewire . | . . . . Trap . | . . . . Miscellaneous 3 | . . 3 . Route ------- -11/Scrapyard -10/Materials (discovered 3 exits: *Mat x3) -9/Materials -9/Mines History --------- Turn | Location | Event 23 | -11/Scrapyard | Discovered new exit (range 16) 97 | -11/Scrapyard | Entered Materials 131 | -10/Materials | Identified exit to Materials 232 | -10/Materials | Entered another Materials area 232 | -9/Materials | Evolved 2 slots: Utility x2 311 | -9/Materials | Build established: Mutant 777 | -9/Materials | Discovered new exit (range 6) 786 | -9/Materials | Identified exit to Mines 788 | -9/Materials | Entered Mines 943 | -9/Mines | Assembled infested the area 1004 | -9/Mines | Core integrity fell below 50% 1016 | -9/Mines | Core integrity fell below 20% 1022 | -9/Mines | Destroyed by as-01458 with Assembled Heavy Rifle Last Messages --------------- 01002_ as-06801 destroyed. [Achievement: Quick And Dirty] 01003_ Knocked back. 01004_ Chain reaction triggered in Ion Engine. 01004_ EMP Blaster destroyed. 01004_ Destroyed EMP Blaster. 01004_ as-30762 destroyed. 01004_ Chain reaction triggered in Corrupted Lgt. Ion Engine. 01010_ as-01458 IFF system glitched. 01012_ Aluminum Leg destroyed. 01012_ System corrupted by crushing effect (+2). 01012_ Kicked as-84515 out of the way. 01013_ Kicked as-84515. 01015_ Imp. Aluminum Leg destroyed. 01017_ Acquired 13 matter. 01019_ as-84515 misfires. 01020_ Acquired 8 matter. 01021_ Knocked back. 01021_ Acquired 3 matter. Map ----- +----------------------------------------------------+ | | | | | | | | | | | | | | | | | | | | | | | | | | | | | | | ?????????????????????????????????????????????????? | | ?????????????????????????????????????????????????? | | ?????????????????????????????????????????????????? | | ?????????????????????????????????????????????????? | | ?????????????????????????????????????????????????? | | ?????????????????????????????????????????????????? | | ?????????????????????????????????????????????????? | | ??????????????????????????###????????????????????? | | ??????????????????????#### ?????????????????????? | | ??????????????????????# |=#??????????????????????? | | ??????????????????????#!%@##?????????????????????? | | ??????????????????????# ! #?????????????????????? | | ??????????????????????## ##?????????????????????? | | ??????????????????????#;a%#??????????????????????? | | ?????????????????######;a[########???????????????? | | ?????????? % #????????????? | | ????????????????######;##aa#######???????????????? | | ?????????????????????####[ """#??????????????????? | | ???????????????????#### = % #??????????????????? | | ???????????????????# %[[ #??????????????????? | | ???????????????????# #??????????????????? | | ???????????????????# # #??????????????????? | | ???????????????????# ## #####??????????????????? | | ????????????????#### ######??????????????????????? | | ???????????????## ##??????????????????????????? | | ???????????????# ##?????????????????????????? | | ???????????????## #?????????????????????????? | | ???????????????## #?????????????????????????? | | ??????????????## #?????????????????????????? | | ??????####???## #?????????????????????????? | | ?????## ##?## #?????????????????????????? | | ###### ### ##?????????????????????????? | | # ## ##?????????????????????????? | | ????### #### #?????????????????????????? | | ??????# #??## #?????????????????????????? | +----------------------------------------------------+ Best States ------------- Heat Dissipation 28 Energy Generation 12 Energy Capacity 265 Matter Stores 300 Matter Capacity 300 Sight Range 16 Terrain Scan Density 10 Evasion (%) 55 Recoil Reduction 2 Item Schematics ----------------- None Robot Schematics ------------------ None Fabricated ------------ Nothing Alien Tech Used ----------------- None Achievements -------------- Quick And Dirty Challenges ------------ None Game ------ Seed WeightVortexRigger Manual? 0 Play Time 00:09:57 Cumulative 22.1 hours Start 2024.04.05 @ 17:15:08 End 2024.04.05 @ 17:27:34 Sessions 1 Manual Loads 0 Difficulty Rogue Special Mode None Game No. 63 Rogue 61 Adventurer 2 Explorer 0 Win Type - Total 0 Types 0/0/0/0/0/0/0/0/0 Lore% 19 Gallery% 24 Achievement% 22 Wizard Run 0 Options --------- Layout 1 ASCII 0 Keyboard 1 Movement Arrows Keybinds 0 Fullscreen 2 Font 24/Smallcaps Map View 50x35 Zoom Use 0% Tactical HUD 1 Map Filters NONE Filters NONE Steam 1 RUN: 4afe77b7-55c0-46dd-bfa2-fe96a8040077